 Dungeon Crawl Stone Soup version 0.30-b1-2-g02819fbbbe (webtiles) character file.

Game seed: 14595033134503521779

78 raph the Poker (level 4, 0/37 HPs)
             Began as a Minotaur Gladiator on June 5, 2023.
             Killed from afar by an orc wizard (3 damage)
             ... with a puff of flame
             ... on level 3 of the Dungeon.
             The game lasted 00:02:08 (1707 turns).

raph the Poker (Minotaur Gladiator)                 Turns: 1707, Time: 00:02:08

Health: 0/37       AC:  3    Str: 25    XL:     4   Next: 15%
Magic:  1/1        EV: 12    Int:  5    God:
Gold:   184        SH:  0    Dex: 13    Spells: 3/3 levels left

rFire   . . .        i - +0 trident (antimagic)
rCold   . . .        (no shield)
rNeg    . . .        b - +0 leather armour
rPois   .            c - +0 hat
rElec   .            (no cloak)
rCorr   .            (no gloves)
SInv    .            (no boots)
Will    .....        (no amulet)
Stlth   +            k - +6 ring of strength
HPRegen 0.26/turn    (no ring)
MPRegen 0.07/turn

%: no passive effects
@: no status effects
A: horns 2, retaliatory headbutt
a: no special abilities


You were on level 3 of the Dungeon.
You visited 1 branch of the dungeon, and saw 3 of its levels.

You collected 184 gold pieces.

Inventory:

Hand Weapons
 a - a +0 trident
 i - a +0 antimagic trident (weapon)
Missiles
 d - 3 throwing nets (quivered)
 e - a javelin
Armour
 b - a +0 leather armour (worn)
 c - a +0 hat (worn)
Jewellery
 j - an amulet of faith
 k - a +6 ring of strength (left hand)
Scrolls
 f - 2 scrolls of teleportation
Potions
 g - a potion of brilliance
 h - 2 potions of curing
 m - 4 potions of magic
 n - a potion of might {unknown}


   Skills:
 - Level 2.4 Fighting
 + Level 6.1 Polearms
 - Level 2.0 Throwing
 - Level 3.2 Dodging


You had 3 spell levels left.
You didn't know any spells.
Your spell library contained the following spells:

 Spells                   Type           Power      Damage    Failure   Level
 Ozocubu's Armour         Ice            0%         N/A       88%         3
 Ozocubu's Refrigeration  Ice            0%         4d7       100%        7


Dungeon Overview and Level Annotations

Branches:
Dungeon (3/15)

Altars:
Ru


Innate Abilities, Weirdness & Mutations

You have a pair of horns on your head.
You reflexively headbutt those who attack you in melee.


Message History

You puncture the orc wizard!
You kill the orc wizard!
You feel sick.
Your Polearms skill increases to level 6!
You have reached level 4!
You feel stronger.
You hit the rat but do no damage. You headbutt the rat.
You kill the rat!
You feel sick.
You feel sick. The orc hits you with a +0 club.
* * * LOW HITPOINT WARNING * * *
A dart slug comes into view.
Things that are here:
a +2 dagger of venom; a +0 robe; an orc corpse You closely miss the orc.
Your headbutt misses the orc.
You feel sick. The orc hits you with a +0 club.
* * * LOW HITPOINT WARNING * * *
You hit the orc. You headbutt the orc.
You kill the orc!
You feel sick.
The orc wizard points at you and mumbles some strange words.
You resist with some effort.
You puncture the dart slug! You headbutt the dart slug.
You kill the dart slug!
You feel sick.
You are no longer poisoned.
You barely miss the orc wizard.
You headbutt the orc wizard, but do no damage.
The orc wizard casts a spell at you. The puff of flame hits you.
* * * LOW HITPOINT WARNING * * *
You puncture the orc wizard!
The orc wizard's magic leaks into the air.
The orc wizard is heavily wounded.
The orc wizard hits you but does no damage.
You closely miss the orc wizard.
The orc wizard is heavily wounded.
The orc wizard casts a spell at you. The puff of flame hits you.
You die...

#.######.####.# #.#..
....^.#.#
#####.#.####.##.#.##
#...#.#.#.........#.
./#.#.#.#.#.#.##.#..#.#.
..............##.#..#.'.
...#.#.#.#.#.##.#.##.'.
#.#.#.####.#..#.'.
#@#.#......#..#.#.
#o#.###########.#. .....
#.## .#.#.# ### #.#.#.#
. ..#.# ## ###


You could see an orc wizard (magic disrupted).

Vanquished Creatures
  An orc wizard (D:3)
  2 worms (D:2)
  A dart slug (D:3)
  An orc (D:3)
  3 ball pythons
  4 endoplasms
  4 giant cockroaches
  7 goblins
  4 hobgoblins
  2 jackals (D:1)
  4 bats
  2 frilled lizards
  2 kobolds
  6 rats
43 creatures vanquished.

Notes
Turn   | Place    | Note
-------+----------+-------------------------------------------
     0 | D:1      | raph the Minotaur Gladiator began the quest for the Orb.
     0 | D:1      | Reached XP level 1. HP: 18/18 MP: 0/0
    42 | D:1      | Reached skill level 4 in Polearms
   118 | D:1      | Reached XP level 2. HP: 25/25 MP: 1/1
   459 | D:2      | Reached skill level 5 in Polearms
   620 | D:2      | Reached XP level 3. HP: 30/30 MP: 2/2
  1654 | D:3      | Found a sacrificial altar of Ru.
  1700 | D:3      | Reached skill level 6 in Polearms
  1700 | D:3      | Reached XP level 4. HP: 16/37 MP: 1/3
  1707 | D:3      | Killed from afar by an orc wizard

Illustrated notes

Levels and vault maps discovered:
D:1:      scummos_arrival_checkerplants, layout_rooms, minmay_tiny_reverse_x
D:2:      layout_loops_cross
D:3:      layout_basic, mainiacjoe_overflow_alcove_4,
          hellmonk_ecumenical_altar_run_dry

Skill      XL: |  1  2  3 |
---------------+----------+-----
Polearms       | 4 5 6 |  6.1
Fighting       | |  2.4
Throwing       | |  2.0
Dodging        | |  3.2

Action                     |  1- 3 |  4- 6 || total
---------------------------+-------+-------++-------
  Melee: Trident           |    97 |     7 ||   104
         Headbutt          |     9 |     4 ||    13
    Use: Scroll            |     7 |       ||     7
         Potion            |     1 |       ||     1
   Stab: Sleeping          |     2 |       ||     2
 Armour: Leather armour    |     9 |     1 ||    10
  Dodge: Dodged            |    38 |       ||    38
